 Dungeon Sprint DCSS version 0.31-a0-859-g9dce7d3444 (webtiles) character file.

Game seed: 2491508151817823877

63758 sircluck the Wrestler (level 13, -2/158 HPs)
             Began as a Troll Berserker on Oct 9, 2023.
             Was an Elder of Trog.
             Slain by a hell knight
             ... wielding a +0 glaive of flaming
              (3 damage)
             ... in the Dungeon (Sprint III: "The Ten Rune Challenge").
             The game lasted 00:12:00 (3711 turns).

sircluck the Wrestler (Troll Berserker)             Turns: 3711, Time: 00:12:00

Health: -2/158     AC:  6    Str: 32    XL:     13   Next: 49%
Magic:  12/12      EV: 15    Int:  3    God:    Trog [****..]
Gold:   68         SH:  0    Dex:  9    Spells: 12/12 levels left

rFire   + .          .
                       - Unarmed
rCold   . . .        (no shield)
rNeg    . . .        a - +0 animal skin
rPois   .            b - +2 hat {Stlth+}
rElec   +            (no cloak)
rCorr   .            (gloves unavailable)
SInv    .            (boots unavailable)
Will    .....        (no amulet)
Stlth   ++           (no ring)
HPRegen 1.26/turn    (no ring)
MPRegen 0.13/turn

%: no teleportation
@: no status effects
A: large, unfitting armour, claws 3, regeneration 1, shaggy fur 1, tough skin 1,
fire resistance 1, sense surroundings 1, electricity resistance
}: 2/10 runes: serpentine, barnacled
a: Renounce Religion, Berserk, Trog's Hand, Brothers in Arms


You were in the Dungeon.
You worshipped Trog.
Trog was greatly pleased with you.
You visited 1 branch You collected 68 gold pieces.

Inventory:

Armour
 a - a +0 animal skin (worn)
 b - a +2 hat of stealth (worn)
 p - +0 fire dragon scales
Wands
 m - a wand of flame (21)
 o - a wand of roots (6)
Scrolls
 i - a scroll of immolation {unknown}
 j - 13 scrolls of identify
 k - a scroll of torment {unknown}
 n - a scroll of revelation {unknown}
Potions
 c - a potion of heal wounds
 d - 2 potions of haste
 e - 2 potions of magic
 f - a potion of berserk rage
 l - a potion of brilliance {unknown}
Miscellaneous
 h - a box of beasts


   Skills:
 + Level 18.3 Fighting
 + Level 4.1 Armour
 + Level 18.0 Dodging
 + Level 21.1 Unarmed Combat


You had 12 spell levels left.
You didn't know any spells.
Your spell library was empty.

Dungeon Overview and Level Annotations

Branches:
Dungeon (1/1)

Altars:
Cheibriados
Dithmenos
Elyvilon
Fedhas
Gozag
Hepliaklqana
Kikubaaqudgha
Makhleb
Nemelex Xobeh
Okawaru
Qazlal
Ru
Sif Muna
Trog
Uskayaw
Vehumet
Wu Jian
Xom
Yredelemnul
Zin
The Shining One
Jiyva
Lugonu

Shops:
D [=?(?=

Annotations:
D exclusions: 2 doors and orange crystal statue


Innate Abilities, Weirdness & Mutations

You are too large for most types of armour.
You have claws for hands.
Your natural rate of healing is unusually fast.
You are covered in fur. (AC +1)
You have tough skin. (AC +1)
Your flesh is heat resistant. (rF+)
You passively map a small area around you.
You are resistant to electric shocks. (rElec)


Message History

Your cyclops hits the hell knight but does no damage.
The hell knight hits your cyclops with a +2 demon trident!!
Your cyclops hits the hell knight!!!
The hell knight hits your cyclops with a +2 demon trident!!
The hell knight hits your cyclops with a +2 demon trident!
Your cyclops dies!
Your cyclops's corpse disappears in a puff of smoke!
Your troll goes berserk!
The hell knight hits your troll from afar with a +2 demon trident!!
The hell knight mumbles some strange prayers to its god against you.
The bolt of fire hits the hell knight.
The hell knight completely resists.
The bolt of fire misses you.
The hell knight hits your troll from afar with a +2 demon trident.
The hell knight hits your troll from afar with a +2 demon trident.
There is an open door here.
Your ogre goes berserk!
Trog will no longer gift you weapons.
The hell knight hits your troll with a +2 demon trident.
Your troll bites the hell knight!!
Your troll claws the hell knight.
Your troll claws the hell knight!
The hell knight dies!
Trog accepts your kill.
Your troll bites the hell knight.
Your troll claws the hell knight.
Your troll claws the hell knight!
Your Armour skill increases to level 4!
Unknown command.
Unknown command.
The hell knight hits your troll with a +0 glaive of flaming!!
The hell knight burns your troll!
Your troll dies!
Your troll's corpse disappears in a puff of smoke!
The hell knight attacks as it pursues you!
The hell knight hits you from afar with a +0 glaive of flaming!
* * * LOW HITPOINT WARNING * * *
The hell knight burns you.
* * * LOW HITPOINT WARNING * * *
The hell knight hits you from afar with a +0 glaive of flaming!!
* * * LOW HITPOINT WARNING * * *
The hell knight burns you.
You die...

, #.# #......# , *,
#......# +** ,*, *~
#......# ⌠ *,
######'# ,
#################.#
#p)p).')§.)#..#≈≈.#
,
#.######...#..#≈≈.#
,#.. ,##.p#..)...#
** #...
,,##.O@.#≈≈.# ~ *
##### ###..#≈≈.# ,
, ,, #..#≈≈.# , * *
* *▓▓▓▓▓▓▓▓ ,, * ,
, , * ,, , * * * *
* , , *


You could see a hell knight (fast, ally target) and a friendly ogre (summoned,
berserk).

Vanquished Creatures
  A kraken (D)
  Gastronok (D)
  Dowan (D)
  2 dire elephants (D)
  An iron golem (D)
  A fire dragon (D)
  Erolcha (D)
  An alligator snapping turtle (D)
  2 hydras (D)
  2 anacondas (D)
  4 death yaks (D)
  Urug (D)
  2 hell knights (D)
  A skeletal warrior (D)
  A lindwurm (D)
  A deep elf pyromancer (D)
  An ugly thing (D)
  An elephant (D)
  A guardian serpent (D)
  8 black mambas (D)
  A torpor snail (shapeshifter) (D)
  Duvessa (D)
  2 cane toads (D)
  A rime drake (D)
  A komodo dragon (D)
  2 spriggan defenders (D)
  A queen bee (D)
  2 tyrant leeches (D)
  2 orc high priests (D)
  8 blink frogs (D)
  3 snapping turtles (D)
  A shadow (D)
  A slime creature (D)
  5 redbacks (D)
  A spatial vortex (D)
  2 nagas (D)
  A floating eye (D)
  4 water moccasins (D)
  A swamp drake (D)
  5 two-headed ogres (D)
  3 wandering mushrooms (D)
  A scorpion (D)
  A necrophage (D)
  A water elemental (D)
  32 killer bees (D)
  An electric eel (D)
  A jelly (D)
  2 orc priests (D)
  Jessica (D)
  A wizard (D)
  2 necromancers (D)
  3 humans (D)
  A kobold demonologist (D)
  3 adders (D)
  3 rats (D)
  A ballistomycete spore (D)
  4 tentacles (D)
140 creatures vanquished.

Vanquished Creatures (collateral kills)
  Rupert (D)
  A nagaraja (D)
  An alligator snapping turtle (D)
  A naga warrior (D)
  A hell knight (D)
  A skeletal warrior (D)
  A death drake (D)
  4 ugly things (D)
  An elephant (D)
  2 spriggan defenders (D)
  A snapping turtle (D)
15 creatures vanquished.

Vanquished Creatures (others)
  A yaktaur captain (D)
  6 tentacles (D)
7 creatures vanquished.

Grand Total: 162 creatures vanquished

Notes
Turn   | Place    | Note
-------+----------+-------------------------------------------
     0 | D        | sircluck the Troll Berserker began the quest for the Orb.
     0 | D        | Reached XP level 1. HP: 22/22 MP: 0/0
    25 | D        | Noticed Jessica
    30 | D        | Killed Jessica
    30 | D        | Reached ** piety under Trog
    31 | D        | Reached skill level 4 in Unarmed Combat
    31 | D        | Reached XP level 2. HP: 19/32 MP: 1/1
    82 | D        | Reached XP level 3. HP: 31/39 MP: 2/2
    98 | D        | Noticed a scorpion
   103 | D        | Killed a scorpion
   103 | D        | Reached *** piety under Trog
   104 | D        | Reached skill level 5 in Fighting
   104 | D        | Reached skill level 6 in Unarmed Combat
   104 | D        | Reached XP level 4. HP: 29/50 MP: 3/3
   144 | D        | Noticed a water elemental
   158 | D        | Gained mutation: You occasionally lose the ability to read
                  | scrolls when taking damage. [potion of mutation]
   159 | D        | Lost mutation: You occasionally lose the ability to read
                  | scrolls when taking damage. [potion of mutation]
   159 | D        | Gained mutation: You occasionally lose the ability to read
                  | scrolls when taking damage. [potion of mutation]
   159 | D        | Gained mutation: You are frail. (-10% HP) [potion of
                  | mutation]
   160 | D        | Lost mutation: You occasionally lose the ability to read
                  | scrolls when taking damage. [potion of mutation]
   160 | D        | Lost mutation: You are frail. (-10% HP) [potion of
                  | mutation]
   160 | D        | Gained mutation: Your system is resistant to poisons.
                  | (rPois) [potion of mutation]
   160 | D        | Gained mutation: You are somewhat resistant to further
                  | mutation. [potion of mutation]
   161 | D        | Lost mutation: Your system is resistant to poisons. (rPois)
                  | [potion of mutation]
   161 | D        | Lost mutation: You are somewhat resistant to further
                  | mutation. [potion of mutation]
   161 | D        | Gained mutation: You passively map a small area around you.
                  | [potion of mutation]
   161 | D        | Gained mutation: Your flesh is heat resistant. (rF+)
                  | [potion of mutation]
   161 | D        | Gained mutation: You are resistant to electric shocks.
                  | (rElec) [potion of mutation]
   176 | D        | Killed a water elemental
   177 | D        | Reached skill level 5 in Dodging
   177 | D        | Reached XP level 5. HP: 32/59 MP: 4/4
   206 | D        | Found a glowing silver altar of Zin.
   206 | D        | Found a glowing golden altar of the Shining One.
   206 | D        | Found a white marble altar of Elyvilon.
   207 | D        | Noticed a deep elf pyromancer
   217 | D        | Killed a deep elf pyromancer
   218 | D        | Reached skill level 9 in Unarmed Combat
   218 | D        | Reached XP level 6. HP: 54/72 MP: 5/5
   218 | D        | Reached XP level 7. HP: 60/80 MP: 6/6
   247 | D        | Found a hide-covered altar of Uskayaw.
   247 | D        | Found an iron altar of Okawaru.
   247 | D        | Found a bloodstained altar of Trog.
   247 | D        | Found an ornate altar of the Wu Jian Council.
   247 | D        | Noticed a human
   247 | D        | Noticed a human
   251 | D        | Killed a human
   251 | D        | Reached **** piety under Trog
   261 | D        | Killed a human
   262 | D        | Reached skill level 10 in Unarmed Combat
   284 | D        | Found a basalt altar of Yredelemnul.
   284 | D        | Found a shadowy altar of Dithmenos.
   284 | D        | Found a sacrificial altar of Ru.
   327 | D        | Found a radiant altar of Vehumet.
   327 | D        | Found a shimmering blue altar of Sif Muna.
   327 | D        | Found an ancient bone altar of Kikubaaqudgha.
   328 | D        | Reached ***** piety under Trog
   330 | D        | Received a gift from Trog
   343 | D        | Noticed a shadow
   350 | D        | Reached XP level 8. HP: 51/92 MP: 7/7
   392 | D        | Found a blossoming altar of Fedhas.
   392 | D        | Found a stormy altar of Qazlal.
   392 | D        | Found a snail-covered altar of Cheibriados.
   392 | D        | Found a burning altar of Makhleb.
   392 | D        | Found a shimmering altar of Xom.
   393 | D        | Found a hazy altar of Hepliaklqana.
   393 | D        | Found an opulent altar of Gozag.
   393 | D        | Found a sparkling altar of Nemelex Xobeh.
   393 | D        | Found a corrupted altar of Lugonu.
   393 | D        | Found a viscous altar of Jiyva.
   400 | D        | Reached skill level 11 in Unarmed Combat
   430 | D        | Noticed a two-headed ogre
   437 | D        | Killed a two-headed ogre
   438 | D        | Reached skill level 10 in Fighting
   438 | D        | Reached skill level 10 in Dodging
   499 | D        | Noticed Erolcha
   505 | D        | Noticed a two-headed ogre
   506 | D        | Killed Erolcha
   507 | D        | Reached skill level 12 in Unarmed Combat
   507 | D        | Reached XP level 9. HP: 52/102 MP: 8/8
   510 | D        | Killed a two-headed ogre
   560 | D        | Reached ****** piety under Trog
   561 | D        | Reached skill level 13 in Unarmed Combat
   630 | D        | Noticed a wandering mushroom
   638 | D        | Noticed a wandering mushroom
   650 | D        | Noticed a wandering mushroom
   662 | D        | Killed a wandering mushroom
   674 | D        | Noticed a cane toad
   674 | D        | Noticed a komodo dragon
   674 | D        | Noticed a cane toad
   680 | D        | Killed a cane toad
   680 | D        | Received a gift from Trog
   682 | D        | Killed a cane toad
   687 | D        | Killed a komodo dragon
   688 | D        | Reached XP level 10. HP: 84/115 MP: 9/9
   727 | D        | Reached skill level 14 in Unarmed Combat
   777 | D        | Received a gift from Trog
   871 | D        | Noticed an elephant
   871 | D        | Noticed an elephant
   871 | D        | Noticed a dire elephant
   871 | D        | Noticed a dire elephant
   877 | D        | Killed an elephant
   881 | D        | Killed a dire elephant
   882 | D        | Reached skill level 15 in Unarmed Combat
   883 | D        | Killed an elephant
   891 | D        | Killed a dire elephant
   894 | D        | Noticed Gastronok
   903 | D        | Killed Gastronok
   903 | D        | Received a gift from Trog
   904 | D        | Reached XP level 11. HP: 30/128 MP: 10/10
   986 | D        | Noticed an azure jelly
   986 | D        | Noticed an azure jelly
   986 | D        | Noticed an azure jelly
   987 | D        | Noticed an azure jelly
   990 | D        | Noticed Rupert
  1006 | D        | Killed Rupert
  1007 | D        | Reached skill level 16 in Unarmed Combat
  1018 | D        | Noticed a death yak
  1019 | D        | Noticed a death yak
  1028 | D        | Noticed a death yak
  1030 | D        | Killed a death yak
  1031 | D        | Noticed a death yak
  1032 | D        | Killed a death yak
  1039 | D        | Killed a death yak
  1049 | D        | Killed a death yak
  1050 | D        | Reached skill level 17 in Unarmed Combat
  1053 | D        | Identified the +12 quarterstaff "Doruhaubli" {heavy, rN+
                  | Will- Str+3 Dex+3} (Trog gifted it to you in the Dungeon)
  1053 | D        | Received a gift from Trog
  1115 | D        | Reached skill level 15 in Fighting
  1181 | D        | Noticed a kraken
  1199 | D        | Killed a kraken
  1200 | D        | Reached skill level 15 in Dodging
  1365 | D        | Noticed an alligator snapping turtle
  1365 | D        | Noticed an alligator snapping turtle
  1376 | D        | Killed an alligator snapping turtle
  1384 | D        | Reached XP level 12. HP: 106/143 MP: 11/11
  1387 | D        | Found Mumm's Antique Armour Shoppe.
  1387 | D        | Found Semifyge's Jewellery Boutique.
  1387 | D        | Found Juidujem's Magic Scroll Shop.
  1394 | D        | Killed an alligator snapping turtle
  1395 | D        | Reached skill level 18 in Unarmed Combat
  1405 | D        | Got a barnacled rune of Zot
  1501 | D        | Received a gift from Trog
  1585 | D        | Noticed Urug
  1591 | D        | Killed Urug
  1618 | D        | Noticed a six-headed hydra
  1621 | D        | Noticed a seven-headed hydra
  1632 | D        | Killed a nine-headed hydra
  1635 | D        | Killed a nine-headed hydra
  1635 | D        | Received a gift from Trog
  1748 | D        | Noticed an anaconda
  1754 | D        | Killed an anaconda
  1901 | D        | Reached skill level 19 in Unarmed Combat
  2105 | D        | Received a gift from Trog
  2138 | D        | Noticed an anaconda
  2272 | D        | Killed an anaconda
  2319 | D        | Noticed a naga warrior
  2319 | D        | Noticed a nagaraja
  2326 | D        | Killed a nagaraja
  2326 | D        | Identified the +7 halberd of the Mind {heavy, *Rage rF+ rN+
                  | Str+5} (Trog gifted it to you in the Dungeon)
  2326 | D        | Received a gift from Trog
  2329 | D        | Killed a naga warrior
  2330 | D        | Found Nuingaeq's Antique Weapon Shop.
  2330 | D        | Found Hug Roiro's Magic Scroll Shoppe.
  2332 | D        | Found Piblucis's Jewellery Boutique.
  2351 | D        | Got a serpentine rune of Zot
  2452 | D        | Noticed Dowan
  2452 | D        | Noticed Duvessa
  2460 | D        | Killed Duvessa
  2466 | D        | Killed Dowan
  2531 | D        | Received a gift from Trog
  2546 | D        | Reached skill level 20 in Unarmed Combat
  2546 | D        | Received a gift from Trog
  2550 | D        | Reached XP level 13. HP: 124/156 MP: 12/12
  2589 | D        | Identified the +8 battleaxe "Jemeipy" {heavy, rF+ rCorr}
                  | (Trog gifted it to you in the Dungeon)
  2589 | D        | Received a gift from Trog
  2596 | D        | Received a gift from Trog
  2619 | D        | Received a gift from Trog
  2899 | D        | HP: 7/157 [poison (dark miasma)]
  3340 | D        | Received a gift from Trog
  3381 | D        | Noticed a fire dragon
  3387 | D        | Killed a fire dragon
  3439 | D        | Reached skill level 1 in Armour
  3573 | D        | Noticed an iron golem
  3599 | D        | Killed an iron golem
  3693 | D        | Reached skill level 21 in Unarmed Combat
  3697 | D        | Received a gift from Trog
  3711 | D        | HP: 1/158 [hell knight/+0 glaive of flaming (25)]
  3711 | D        | Slain by a hell knight

Illustrated notes

Levels and vault maps discovered:
D:        dungeon_sprint_mu [sprint_mu_entry_cave, sprint_mu_temple_rooms,
          sprint_mu_d1_spiders, sprint_mu_d2_genie, sprint_mu_d3_branching,
          sprint_mu_orc_legion, sprint_mu_elf_gauntlet, sprint_mu_hive_nellie,
          sprint_mu_lair_fedhas, sprint_mu_vaults_butterflies,
          sprint_mu_slime_circle, sprint_mu_shoals_kraken,
          sprint_mu_snake_twists, sprint_mu_blade_basic,
          sprint_mu_crypt_fortress, sprint_mu_tomb_spiral,
          sprint_mu_vestibule_basic, sprint_mu_gehenna_hellfire,
          sprint_mu_dis_giant, sprint_mu_tartarus_statrot,
          sprint_mu_cocytus_islands, sprint_mu_zot1]

Skill      XL: |  1  2  3  4  5  6  7  8  9 10 11 12 13 |
---------------+----------------------------------------+-----
Fighting       | 3 4 5 8 9 10 12 13 15 17 18 | 18.3
Dodging        | 3 4 5 7 8 10 11 13 15 17 18 | 18.0
Unarmed Combat | 4 6 9 10 12 13 15 17 20 21 | 21.1
Armour         | 4 |  4.1

Action                     |  1- 3 |  4- 6 |  7- 9 | 10-12 | 13-15 || total
---------------------------+-------+-------+-------+-------+-------++-------
  Melee: Unarmed           |    24 |    15 |    78 |   215 |   140 ||   472
         Punch             |     1 |       |     9 |    20 |    14 ||    44
 Invoke: Berserk           |       |       |     1 |     2 |     1 ||     4
         Brothers in Arms  |       |       |       |     9 |     7 ||    16
    Use: Potion            |       |     4 |     1 |       |     4 ||     9
         Scroll            |       |       |       |       |     1 ||     1
   Stab: Sleeping          |       |       |       |     4 |     2 ||     6
         Distracted        |       |       |       |     2 |       ||     2
 Armour: Animal skin       |    15 |     7 |    39 |   124 |   104 ||   289
  Dodge: Dodged            |     6 |     6 |    27 |   109 |   105 ||   253

Table legend: (Time is in decaauts)
 A = Elapsed time spent in this place.
 B = Non-inter-level travel time spent in this place.
 C = Inter-level travel time spent in this place.
 D = Time resting spent in this place.
 E = Time spent auto-exploring this place.
 F = Levels seen in this place.
 G = Mean time per level.
                   A        B        C        D        E       F      G
               +--------+--------+--------+--------+--------+-----+--------+
         Total |   3663 |   3617 |     46 |   1764 |    825 |   1 | 3663.0 |
       Dungeon |   3663 |   3617 |     46 |   1764 |    825 |   1 | 3663.0 |
               +--------+--------+--------+--------+--------+-----+--------+

Top non-repeatable levels by time:
       D: 3663 daAuts
